AoeStats
← ZionDCG97

African Clearing

505040693Analyzed
4v4 RM · 25d ago on Sep 7, 2026· 39m 47s· 8 players
Game mode
Random Map
Map size
Large (8 player)
Population
200
Speed
Normal
Resources
Standard
Victory
Conquest
Starting age
Dark Age
Ending age
Imperial Age
RankedLock teamsTeams togetherTeam positionsShared explorationLock speedFull tech treeHidden civsTurbo modeCheats
Victory
Defeat
🇫🇷 Japanese · France
865
+16
🇹🇷 Poles · Türkiye
849
+17
🇲🇽 Bulgarians · Mexico
794
+18
🇸🇰 Georgians · Slovakia
788
+19
🇩🇪 Britons · Germany
880
-18
🇩🇪 Persians · Germany
861
-18
🇩🇪 Romans · Germany
849
-17
🇩🇪 Celts · Germany
849
-17
ZionDCG97
6:24 Loom
24:26 Feudal Age
25:08 Double-Bit Axe
25:06 Horse Collar
33:36 Castle Age
Emko
6:50 Loom
18:50 Feudal Age
19:21 Arson
18:57 Man-at-Arms
19:35 Horse Collar
22:33 Wheelbarrow
23:40 Double-Bit Axe
25:57 Scale Barding Armor
26:03 Forging
29:49 Castle Age
30:27 Bloodlines
31:25 Husbandry
33:23 Iron Casting
34:04 Chain Barding Armor
37:55 Light Cavalry
heisenberg
4:24 Loom
16:00 Feudal Age
18:57 Man-at-Arms
24:23 Castle Age
23:01 Wheelbarrow
22:12 Town Watch
27:09 Scale Barding Armor
26:58 Light Cavalry
27:51 Bloodlines
28:02 Double-Bit Axe
28:08 Horse Collar
32:39 Gold Mining
33:23 Husbandry
Recoom06
8:15 Loom
17:37 Feudal Age
17:38 Man-at-Arms
18:34 Arson
28:40 Wheelbarrow
34:20 Castle Age
36:25 Scale Barding Armor
36:23 Scale Mail Armor
36:33 Forging
37:38 Double-Bit Axe
38:59 Bow Saw
39:51 Chain Mail Armor
Majormarvin
18:59 Feudal Age
19:10 Man-at-Arms
27:18 Scale Mail Armor
27:29 Forging
32:17 Wheelbarrow
31:41 Double-Bit Axe
32:46 Horse Collar
Smoothi
18:39 Feudal Age
19:09 Horse Collar
19:18 Double-Bit Axe
22:31 Fletching
23:13 Gold Mining
27:21 Castle Age
25:56 Scale Mail Armor
25:57 Padded Archer Armor
28:52 Bow Saw
32:06 Heavy Plow
32:02 Stone Mining
33:22 Wheelbarrow
32:49 Pikeman
33:52 Bodkin Arrow
34:13 Leather Archer Armor
34:14 Chain Mail Armor
35:57 Ballistics
39:17 Forging
42:27 Imperial Age
SEA Seahawks
16:50 Feudal Age
17:24 Man-at-Arms
20:02 Wheelbarrow
19:21 Horse Collar
23:52 Double-Bit Axe
27:05 Fletching
27:16 Padded Archer Armor
29:29 Castle Age
29:35 Gold Mining
29:35 Stone Mining
30:18 Crossbowman
31:18 Leather Archer Armor
31:40 Hand Cart
34:13 Pikeman
36:50 Loom
blablaxx
4:36 Loom
33:49 Feudal Age
40:24 Castle Age
39:52 Double-Bit Axe
Connection lost

Rejoining the realm…

Still unreachable

The connection could not be restored.

Session expired

The server has moved on; the page needs a fresh start.